Map: Berlingrad LE

Players

Euler

  • Race: Zerg Zerg
  • League: Diamond

Maxwell - Winner!

  • Race: Terran Terran
  • League: Diamond

VOD

Have the link to the VOD?

Description

Time

  • Played on: March 27, 2022, 5:32 p.m.
  • Length: 14:34
Show
View Real Time Build Order
Export as new Build Order

Euler Zerg 

Build Orders: Hatch First, Lurkers 

Get SALT Encoding   

  12  0:00  Drone  
  13  0:12  Overlord  
  13  0:18  Drone  
  14  0:31  Drone x2  
  14  0:34  Drone  
  17  0:52  Hatchery  
  17  0:55  Drone  
  17  1:01  Extractor  
  17  1:02  Drone  
  17  1:15  Spawning Pool  
  17  1:18  Drone  
  17  1:21  Drone  
  18  1:32  Drone  
  19  1:40  Overlord  
  19  2:01  Queen  
  19  2:02  Zergling x4  
  19  2:03  Metabolic Boost  
  23  2:11  Queen  
  23  2:13  Drone  
  25  2:22  Drone x2  
  27  2:23  Drone  
  27  2:45  Drone x4  
  31  3:03  Drone x3  
  34  3:17  Hatchery  
  34  3:18  Drone x3  
  36  3:20  Overlord x2  
  36  3:37  Queen  
  36  3:40  Drone x2  
  36  3:41  Baneling Nest, Drone  
  41  3:42  Extractor, Drone x2  
  40  3:51  Roach Warren  
  40  3:53  Overlord x2  
  40  4:06  Lair  
  40  4:08  Drone x4  
  44  4:32  Roach x8  
  60  4:39  Zergling x6  
  63  4:58  Drone x8  
  71  5:09  Roach  
  71  5:12  Overlord x3  
  73  5:16  Hatchery  
  73  5:17  Drone  
  73  5:18  Extractor x2, Drone  
  73  5:20  Glial Reconstitution  
  72  5:28  Zergling x4  
  72  5:30  Zergling x8  
  78  5:42  Drone x6  
  75  6:01  Roach x3  
  75  6:02  Roach x6  
  92  6:14  Drone x4  
  92  6:17  Spine Crawler  
  95  6:18  Spine Crawler  
  95  6:23  Evolution Chamber  
  93  6:33  Drone x7  
  100  6:50  Roach x2  
  100  6:51  Overlord  
  100  6:52  Overlord x4  
  99  6:57  Ravager  
  99  6:58  Ravager x4  
  103  7:06  Queen  
  103  7:09  Queen x2  
  103  7:12  Spore Crawler x2  
  81  7:30  Roach x7  
  81  7:31  Roach x2  
  96  7:37  Hydralisk Den  
  96  7:43  Drone x7  
  99  7:52  Drone x4  
  99  7:53  Drone  
  104  8:04  Drone  
  104  8:05  Drone x4  
  107  8:09  Hydralisk x3  
  113  8:19  Zergling x8  
  117  8:24  Queen  
  119  8:30  Drone x9  
  119  8:32  Overlord x2  
  128  8:43  Muscular Augments  
  128  8:45  Zerg Ground Armor Level 1  
  128  8:50  Extractor  
  128  8:51  Extractor, Drone x5  
  128  8:52  Drone, Hydralisk  
  128  8:53  Hydralisk, Burrow  
  136  9:03  Drone x3  
  136  9:04  Extractor, Hydralisk x3  
  136  9:06  Overlord  
  136  9:07  Overlord  
  136  9:14  Roach x3  
  136  9:15  Roach x2  
  128  9:20  Hydralisk x3  
  127  9:35  Hydralisk x9  
  145  9:42  Lurker Den  
  144  9:46  Spore Crawler, Evolution Chamber  
  142  9:54  Extractor  
  142  9:55  Grooved Spines  
  141  10:04  Hydralisk x6  
  141  10:05  Hydralisk x3  
  159  10:08  Ravager, Overlord x2  
  159  10:12  Hatchery  
  159  10:25  Hydralisk x2  
  159  10:26  Hydralisk  
  161  10:30  Overlord x3  
  161  10:31  Baneling Nest, Overlord x4  
  161  10:32  Pneumatized Carapace  
  151  10:37  Zerg Missile Weapons Level 1  
  151  10:39  Zerg Ground Armor Level 2  
  151  10:42  Infestation Pit  
  142  10:46  Hydralisk x3  
  135  11:04  Drone x13  
  135  11:05  Drone  
  149  11:17  Zergling x18  
  153  11:25  Drone x4  
  153  11:27  Baneling  
  153  11:28  Baneling x7  
  153  11:31  Centrifugal Hooks  
  153  11:34  Queen  
  153  11:39  Drone x4  
  155  11:56  Hydralisk x8  
  155  11:57  Roach  
  165  12:05  Zergling x16  
  167  12:17  Lurker  
  167  12:18  Lurker x5  
  167  12:19  Lurker  
  174  12:33  Hatchery  
  174  12:36  Roach x9  
  174  12:37  Roach x3  
  170  12:45  Zergling x18  
  159  12:53  Hydralisk x4  
  137  13:11  Queen x2  
  137  13:12  Queen x2  
  127  13:13  Hydralisk x5  
  125  13:25  Zergling x24  
  137  13:27  Hydralisk  
  139  13:35  Drone  
  139  13:36  Drone x6  
  127  13:44  Hydralisk x4  
  124  13:59  Hydralisk x7  
  133  14:03  Lurker  
  133  14:04  Lurker  
  128  14:10  Hydralisk  
  115  14:18  Overseer  
  115  14:20  Lurker  
Show
View Real Time Build Order
Export as new Build Order

Maxwell Terran - Winner!

Build Orders: 2 Factory, Reaper Expand, Mech 

Get SALT Encoding   

  12  0:02  SCV  
  13  0:14  SCV  
  13  0:18  Supply Depot  
  14  0:26  SCV  
  15  0:39  SCV  
  15  0:41  Barracks  
  16  0:44  Refinery  
  16  0:52  SCV  
  17  1:04  SCV  
  18  1:16  SCV  
  19  1:28  Orbital Command  
  19  1:30  Reaper  
  20  1:44  Command Center  
  20  1:54  SCV  
  21  2:02  Marine, Supply Depot  
  22  2:14  SCV  
  22  2:15  Factory  
  23  2:18  Refinery  
  23  2:27  Barracks Reactor  
  23  2:28  SCV  
  24  2:43  SCV  
  25  3:00  SCV  
  26  3:06  Factory  
  26  3:10  Orbital Command  
  26  3:19  SCV  
  27  3:21  Hellion x2  
  30  3:31  SCV  
  31  3:35  SCV  
  31  3:37  Barracks Tech Lab  
  32  3:43  SCV  
  33  3:51  Hellion  
  33  3:52  Hellion  
  37  3:57  Starport  
  37  3:59  SCV  
  37  4:00  SCV  
  39  4:04  Hellion  
  39  4:06  Infernal Pre-Igniter  
  41  4:12  SCV x2  
  43  4:21  Supply Depot  
  43  4:24  SCV, Hellion  
  46  4:25  Supply Depot  
  46  4:31  Supply Depot  
  46  4:40  Starport Tech Lab  
  46  4:43  Siege Tank, SCV x2, Hellion  
  46  4:44  Refinery  
  46  4:45  Fusion Core  
  53  4:47  Supply Depot, Hellion  
  55  5:06  Hellion  
  57  5:10  SCV  
  57  5:12  Supply Depot  
  58  5:14  Command Center  
  58  5:15  Siege Tank  
  58  5:19  SCV  
  62  5:21  Refinery  
  62  5:22  SCV  
  63  5:31  SCV  
  64  5:41  Battlecruiser  
  70  6:02  Siege Tank  
  70  6:03  Hellion  
  73  6:06  SCV  
  62  6:11  Engineering Bay  
  62  6:12  Factory  
  60  6:19  Hellion  
  60  6:23  Supply Depot  
  60  6:24  SCV  
  60  6:25  SCV  
  64  6:33  Orbital Command  
  64  6:36  Factory, SCV  
  64  6:37  SCV  
  66  6:45  Hellion  
  66  6:46  Hellion  
  70  6:48  SCV  
  70  6:51  Cyclone  
  74  7:12  Factory Tech Lab  
  74  7:24  Cyclone  
  71  7:35  Orbital Command  
  66  7:43  Siege Tank  
  69  7:53  Factory Tech Lab  
  69  7:55  Hellion x2  
  69  7:56  Siege Tank  
  76  8:07  Supply Depot  
  76  8:08  SCV x2  
  76  8:10  SCV  
  79  8:13  Battlecruiser  
  79  8:15  Siege Tank  
  79  8:17  Hellion x2  
  92  8:20  SCV  
  92  8:22  Supply Depot  
  92  8:24  Supply Depot  
  93  8:29  Siege Tank, SCV x2  
  93  8:30  Supply Depot  
  93  8:32  SCV  
  93  8:33  Armory  
  99  8:34  Armory, Supply Depot  
  99  8:41  SCV x2  
  99  8:43  Refinery  
  99  8:44  SCV  
  102  8:51  Command Center  
  102  8:52  Siege Tank  
  102  8:53  SCV x2  
  107  8:56  SCV, Refinery  
  108  9:03  Supply Depot  
  108  9:07  SCV  
  108  9:08  SCV x2  
  101  9:37  Siege Tank x2, Hellion x2  
  111  9:39  Missile Turret  
  111  9:42  Missile Turret  
  111  9:48  Missile Turret  
  111  9:49  Hellion  
  111  9:51  Missile Turret, Battlecruiser  
  111  9:52  Missile Turret  
  119  9:58  Hellion  
  119  9:59  Hellion  
  123  10:08  Terran Vehicle And Ship Armor Level 1, Terran Vehicle Weapons Level 1, Missile Turret  
  123  10:09  Widow Mine  
  123  10:10  Widow Mine x2  
  129  10:20  Widow Mine  
  131  10:22  Missile Turret  
  131  10:23  Weapon Refit  
  131  10:25  Missile Turret  
  131  10:31  Siege Tank  
  134  10:44  Siege Tank  
  134  10:45  Hellion x2  
  134  10:48  Planetary Fortress  
  134  10:49  SCV x2  
  144  10:50  SCV  
  144  10:54  Siege Tank  
  147  11:07  Siege Tank  
  147  11:08  Hellion  
  147  11:09  Hellion  
  154  11:12  SCV  
  154  11:13  SCV  
  154  11:14  Factory  
  156  11:38  Refinery  
  156  11:41  Refinery  
  156  11:43  SCV x2, Hellion  
  156  11:44  Widow Mine, SCV, Hellion x2  
  166  11:55  SCV x2  
  166  11:56  Siege Tank, SCV  
  172  12:26  Factory Tech Lab  
  172  12:27  Supply Depot  
  172  12:35  Hellion  
  172  12:38  SCV  
  172  12:39  Siege Tank  
  138  13:02  Siege Tank  
  138  13:03  Siege Tank x2  
  142  13:10  Hellion x2  
  142  13:11  Siege Tank  
  147  13:28  Battlecruiser  
  147  13:31  Hellion x2  
  147  13:34  Siege Tank, Factory  
  157  13:35  Siege Tank x2  
  166  13:44  Hellion  
  168  13:53  Hellion x2  
  165  14:05  Hellion  
  165  14:07  Hellion x3  
Tags
 
Add a new tag
Caveats
  • Supply blocks, unpowered buildings, or Contaminate may cause inaccurate times.
  • Supply counts are checked every 10 seconds.